Match 45566425
Unlisted

Match 45566425
End
Construct Infanterie Kompanie
MG 42 Machine Gun Team
MG 42 Machine Gun Team
Grenadier Squad
Selects Luftwaffe Battlegroup
Selects Luftwaffe Pioneer Support
Fallschirmpioneer Squad Paradrop
Selects Flak 38 Anti-Air Emplacement
Infanterie Officer Quarters
Fallschirmpioneer Squad Paradrop
Fallschirmpioneer Squad Paradrop
Selects Flak 36 Anti-tank Gun Emplacement
Selects Reconnaissance Run
Construct Luftwaffe Kompanie
Selects Fallschirmjäger Squad Paradrop
Jäger Squad
Luftwaffe Officer Quarters
Fallschirmjäger Squad Paradrop
Fallschirmpioneer Squad Paradrop
Selects Stuka Loiter
Stuka Loiter
Jäger Squad
Construct Panzer Kompanie
Sturmpanzer IV Brummbär
Reconnaissance Run
Stuka Loiter
Panzer Officer Quarters
Side Skirts
Fallschirmpioneer Squad Paradrop
Stuka Loiter
Fallschirmpioneer Squad Paradrop
Medical Station
Jäger Squad
Stuka Loiter
Jäger Squad
ㅋㅋㅋㅋㅋㅋㅋㅋㅋ
El Macho
Barbarossa
DNS IP from your ISP
Jm200092
#Beansbird
JangGF
撸啊撸么么叁
0
0

Comments sign in to comment!

No comments posted yet!